 Dungeon Crawl Stone Soup version 0.24-a0-439-g6dd8730de2 (webtiles) character file.

Game seed: 5586248493825975164

111736 Amnesiac the Spry (level 16, -8/136 HPs)
             Began as a Merfolk Skald on June 19, 2019.
             Was the Champion of Okawaru.
             Mangled by Jorgrun
             ... wielding a +0 quarterstaff of crushing
              (11 damage)
             ... on level 15 of the Dungeon.
             The game lasted 01:14:40 (29638 turns).

Amnesiac the Spry (Merfolk Skald)                  Turns: 29638, Time: 01:14:41

Health: -8/136     AC: 15    Str: 16    XL:     16   Next: 58%
Magic:  21/32      EV: 28    Int: 19    God:    Okawaru [******]
Gold:   1180       SH: 12    Dex: 21    Spells: 9/23 levels left

rFire    . . .     SeeInvis .   R - +1 demon trident of Tomorrow {venom, rElec rF- rC++}
rCold    + + .     Gourm    .   c - +0 shield
rNeg     . . .     Faith    .   Q - +1 leather armour of the Grey Skies {MR+ rCorr Slay+2}
rPois    .         Spirit   .   W - +3 hat of Pondering {ponderous, MR+ MP+10 Int+5}
rElec    +         Reflect  .   X - +0 cloak of Pandemonium {*Drain +Fly rElec MR+}
rCorr    +         Harm     .   M - +2 pair of gloves {archery}
MR       +++++     Clarity  +   U - +2 pair of boots {Fly}
Stlth    ++++......             m - amulet of the acrobat
HPRegen  0.32/turn              t - ring of protection from magic
MPRegen  0.23/turn              D - ring of protection from fire

@: agile, grasped by roots, flying, very slightly contaminated, constricted,
studying Fighting, drained, slow
A: change form in water, swift swim, stealthy swim, clarity, clever 1
a: Heroism, Finesse, Renounce Religion, Stop Flying


You were on level 15 of the Dungeon.
You worshipped Okawaru.
Okawaru was exalted by your worship.
You were hungry.

You visited 4 branches of the dungeon, and saw 24 of its levels.
You also visited: Volcano.

You collected 3451 gold pieces.
You spent 2271 gold pieces at shops.

Inventory:

Hand Weapons
 G - the +5 halberd of Armageddon {chop, rPois Str-4 Stlth+, unknown}
   (Okawaru gifted it to you on level 14 of the Dungeon)

   It inflicts extra damage upon your enemies.
   It affects your strength (-4).
   It protects you from poison.
   It makes you more stealthy.
 R - the +1 demon trident of Tomorrow (weapon) {venom, rElec rF- rC++}
   (Okawaru gifted it to you on level 2 of the Lair of Beasts)

   It poisons the flesh of those it strikes.
   It makes you vulnerable to fire.
   It greatly protects you from cold.
   It insulates you from electricity.
Missiles
 e - 100 poisoned darts
 s - 15 atropa-tipped darts (quivered)
 F - 22 silver javelins
 J - 2 throwing nets
Armour
 c - a +0 shield (worn)
 o - +0 fire dragon scales
 M - a +2 pair of gloves of archery (worn)
 N - +0 ice dragon scales
 Q - the +1 leather armour of the Grey Skies (worn) {MR+ rCorr Slay+2}
   (You found it on level 2 of the Lair of Beasts)

   It affects your accuracy and damage with ranged weapons and melee attacks
   (+2).
   It affects your resistance to hostile enchantments.
   It provides partial protection from all sources of acid and corrosion.
 U - a +2 pair of boots of flying (worn)
 W - the +3 hat of Pondering (worn) {ponderous, MR+ MP+10 Int+5}
   (You took it off Gastronok on level 12 of the Dungeon)

   It affects your intelligence (+5).
   It affects your resistance to hostile enchantments.
   It affects your magic capacity (+10).
 X - the +0 cloak of Pandemonium (worn) {*Drain +Fly rElec MR+}
   (Okawaru gifted it to you on level 6 of the Lair of Beasts)

   It insulates you from electricity.
   It affects your resistance to hostile enchantments.
   It lets you fly.
   It causes draining when unequipped.
Jewellery
 m - an amulet of the acrobat (around neck)
 p - an uncursed ring of fire
 t - a ring of protection from magic (left hand)
 w - a +3 ring of evasion {unknown}
 z - an uncursed ring of ice
 D - a ring of protection from fire (right hand)
Wands
 h - a wand of polymorph (28)
 j - a wand of flame (8)
 n - a wand of enslavement (8)
 x - a wand of random effects (27)
 y - a wand of acid (34)
 C - a wand of disintegration (9)
 E - a wand of paralysis (22)
 P - a wand of digging (12)
Scrolls
 f - 16 scrolls of teleportation {!r}
 g - 4 scrolls of fear {!r}
 k - 3 scrolls of enchant weapon {!r}
 l - 6 scrolls of enchant armour {!r}
 B - 3 scrolls of fog {!r}
 L - 4 scrolls of remove curse {!r}
 O - 2 scrolls of magic mapping {!r}
 S - 2 scrolls of summoning {!r}
 T - 5 scrolls of identify {!r}
 V - 2 scrolls of blinking {!r}
Potions
 a - 2 potions of curing {!q}
 b - a potion of resistance {!q}
 i - 3 potions of brilliance {!q}
 q - 2 potions of flight {!q}
 r - a potion of haste {!q}
 v - 3 potions of might {!q}
 H - 3 potions of mutation {!q}
 I - 4 potions of berserk rage {!q}
 K - 3 potions of agility {!q}
 Y - a potion of cancellation {!q}
Books
 Z - a manual of Fighting
Miscellaneous
 A - 2 sacks of spiders
Comestibles
 d - 42 rations


   Skills:
 - Level 15.0(14.0) Fighting
 - Level 14.0(13.0) Polearms
 + Level 5.4(4.7) Armour
 - Level 18.0(17.0) Dodging
 - Level 6.0(5.2) Stealth
 + Level 11.7(10.8) Shields
 - Level 4.0(3.2) Spellcasting
 - Level 4.0(3.3) Hexes
 - Level 6.0(5.2) Charms
 - Level 3.0(2.3) Necromancy
 + Level 3.3(2.6) Air Magic
 - Level 8.0(7.2) Invocations
 - Level 4.0(3.3) Evocations


You had 9 spell levels left.
You knew the following spells:

 Your Spells              Type           Power        Failure   Level  Hunger
a - Deflect Missiles      Chrm/Air       ###.......   100%        6    #######
b - Passwall              Tmut/Erth      #.......     43%         2    ##.....
e - Spectral Weapon       Hex/Chrm       ###.....     16%         3    ###....
r - Regeneration          Chrm/Necr      ###.......   19%         3    ###....

Your spell library contained the following spells:

 Spells                   Type           Power        Failure   Level  Hunger
 Infusion                 Chrm           ###.         3%          1    None
 Song of Slaying          Chrm           ###.....     5%          2    ##.....
 Shroud of Golubria       Chrm/Tloc      ##....       16%         2    ##.....
 Sandblast                Erth           #.....       30%         1    None
 Cause Fear               Hex            ###.......   61%         4    ####...
 Stone Arrow              Conj/Erth      #.....       67%         3    ###....
 Silence                  Hex/Air        ##........   94%         5    ######.
 Petrify                  Tmut/Erth      #.......     97%         4    ####...
 Yara's Violent Unravell  Hex/Tmut       #.........   99%         5    ######.
 Lee's Rapid Deconstruct  Erth           #.........   100%        5    ######.
 Discord                  Hex            ###.......   100%        8    #######


Dungeon Overview and Level Annotations

Branches:
Dungeon (15/15)            Temple (1/1) D:4            Lair (6/6) D:9
 Shoals (0/4) Lair:3       Spider (0/4) Lair:2        Slime (0/5) Lair:6
    Orc (2/2) D:9             Elf (0/3) Orc:2        Vaults (0/5) D:14
 Depths (0/5) D:15

Altars:
Cheibriados
Elyvilon
Fedhas
Gozag
Nemelex Xobeh
Okawaru
Ru
Vehumet
Xom
Yredelemnul
Jiyva

Shops:
D:10 :   Orc:2 ?[*!%

Portals:
Trove: D:12 (give 18 potions of curing)

Annotations:
D:15 Jorgrun


Innate Abilities, Weirdness & Mutations

You revert to your normal form in water You are very nimble and swift while swimming.
You are very stealthy in the water. (Stealth+)
You possess an exceptional clarity of mind.
Your mind is acute. (Int +2)


Message History

Your skin stops crawling.
Jorgrun mutters some incantations to himself.
You hit Jorgrun.
Jorgrun is poisoned.
Jorgrun is lightly wounded.
Jorgrun looks as sick as possible!
Jorgrun gestures at you while chanting. The iron shot misses you.
You closely miss Jorgrun.
Jorgrun is lightly wounded.
You miss Jorgrun.
Jorgrun is lightly wounded.
Jorgrun gestures at you while chanting.
Roots burst forth from the earth!
The grasping roots grab you! The grasping roots constrict you.
You barely miss Jorgrun.
Jorgrun is lightly wounded.
Jorgrun completely misses you. The grasping roots constrict you!
You hit Jorgrun.
Jorgrun looks as sick as possible!
Jorgrun is lightly wounded.
Jorgrun looks as sick as possible!
Jorgrun hits you with a +0 quarterstaff of crushing.
The grasping roots constrict you!
You puncture Jorgrun!
Jorgrun is moderately wounded.
You completely miss Jorgrun.
Jorgrun is moderately wounded.
Jorgrun hits you with a +0 quarterstaff of crushing.
* * * LOW HITPOINT WARNING * * *
x3 The grasping roots constrict you!
You puncture Jorgrun!
Jorgrun looks as sick as possible!
Jorgrun is heavily wounded.
Your spectral weapon fades away.
You puncture Jorgrun!
Jorgrun looks as sick as possible!
Jorgrun is severely wounded.
Jorgrun hits you with a +0 quarterstaff of crushing!
* * * LOW HITPOINT WARNING * * *
x3 The grasping roots constrict you!
Casting: Regeneration (safe; 19% risk of failure)
Confirm with . or Enter, or press ? or * to list all spells.
You miscast Spectral Weapon.
The air around you crackles with energy!
Jorgrun hits you with a +0 quarterstaff of crushing.
* * * LOW HITPOINT WARNING * * *
x3 The grasping roots constrict you.
Okay, then.
Really quaff
K - 4 potions of agility {!q}?
You feel agile all of a sudden.
Jorgrun hits you with a +0 quarterstaff of crushing.
* * * LOW HITPOINT WARNING * * *
x3 The grasping roots constrict you.
Casting: Spectral Weapon (safe; 16% risk of failure)
Confirm with . or Enter, or press ? or * to list all spells.
You draw out your weapon's spirit!
Jorgrun gestures at you while chanting. The iron shot misses you.
* * * LOW HITPOINT WARNING * * *
The grasping roots constrict you!
You hear a shout!
Really quaff
a - 3 potions of curing {!q}?
You feel better.
Jorgrun hits you with a +0 quarterstaff of crushing!
* * * LOW HITPOINT WARNING * * *
x2 You die...

......##### .........
.......... ....%...#
#...#####' ........+
#...#..... ......#
#...#..... .....#
#...#.....
#...#######...####'#
#..g(...............
#..@.#####'######...
#....#..........#...
#....'..........#...
P^......#..........###.
P..#.####............#.
.P....................##
P......................
....##.................
... #................##


You could see Jorgrun and a friendly spectral +1 demon trident of Tomorrow
{venom, rElec rF- rC++}.

Vanquished Creatures
  Gastronok (D:12)
  Kirke (D:12)
  A dire elephant (Lair:1)
  A fire dragon (Volcano)
  An ettin (Orc:1)
  The ghost of vurker the Grappler, a journeyman TrFi of Cheibriados (Lair:1)
  Erolcha (D:10)
  Fannar (D:10)
  2 ice dragons (Lair:6)
  4 vault guards (D:14)
  A catoblepas (D:14)
  10 hydras
  3 centaur warriors
  2 ogre magi (Orc:2)
  10 two-headed ogres
  A death knight (D:14)
  A dancing weapon (D:9)
  A hell hog (Volcano)
  4 death yaks
  Nergalle (D:10)
  2 deep trolls (Orc:2)
  2 unseen horrors
  A lindwurm (Lair:6)
  An ugly thing (D:12)
  A golden dragon skeleton (D:15)
  3 cyclopes
  2 deep elf magi
  2 manticores
  15 elephants (Lair:2)
  Maurice (D:12)
  10 black mambas
  Psyche (D:12)
  5 torpor snails (Lair:6)
  A molten gargoyle (Volcano)
  12 spiny frogs
  2 gargoyles
  2 kobold demonologists
  3 rime drakes
  5 komodo dragons
  3 freezing wraiths (D:14)
  A guardian mummy (D:15)
  The ghost of Maiphojizi the Cutter, a novice SpCK of Xom (D:9)
  13 polar bears
  2 tengu conjurers (D:14)
  4 tyrant leeches (Lair:6)
  11 trolls
  10 hornets
  12 blink frogs
  A raiju (Lair:6)
  A harpy skeleton (D:14)
  10 hippogriffs
  4 slime creatures (D:15)
  A meliai zombie (D:15)
  A shadow (D:14)
  15 spriggans
  2 wraiths
  A vampire (D:13)
  11 fire bats (Volcano)
  6 wyverns
  2 basilisks
  36 yaks
  3 hogs (D:12)
  2 steam dragons
  2 vampire mosquitoes (D:15)
  4 hungry ghosts
  4 wargs (Lair:6)
  18 hell hounds
  17 water moccasins
  7 porcupines
  A hornet zombie (D:6)
  14 black bears
  6 sky beasts
  5 ice beasts
  14 orc warriors
  3 phantoms
  3 eyes of draining
  3 boggarts (Lair:4)
  15 centaurs
  27 ogres
  23 wolves
  2 big kobolds (D:11)
  Blork the orc (D:4)
  6 crocodiles
  19 bullfrogs
  2 wyvern zombies
  A hornet simulacrum (D:14)
  5 scorpions
  25 killer bees
  14 wights
  3 electric eels (Lair:5)
  A vampire bat (D:11)
  5 howler monkeys
  5 lava snakes (Volcano)
  3 bullfrog zombies
  15 crimson imps
  8 centaur zombies
  6 hounds
  A quasit (D:8)
  18 orc priests
  A jelly (D:12)
  25 orc wizards
  2 centaur skeletons
  13 worker ants
  A killer bee zombie (D:8)
  A hound skeleton (D:10)
  A worker ant zombie (D:11)
  6 gnolls (D:6)
  16 adders
  6 shadow imps
  3 white imps (Lair:6)
  An adder zombie (D:8)
  An adder skeleton (D:5)
  A worm (D:5)
  2 dart slugs
  2 leopard geckos
  105 orcs
  A ball python (D:2)
  5 giant cockroaches
  12 goblins
  10 hobgoblins
  15 jackals
  35 kobolds
  A quokka (D:4)
  14 bats
  4 frilled lizards
  6 rats
  4 plants
872 creatures vanquished.

Vanquished Creatures (others)
  An orc wizard (D:7)
  74 fungi
  25 plants
  57 spectral weapons
  8 withered plants (D:15)
165 creatures vanquished.

Grand Total: 1037 creatures vanquished

Notes
Turn   | Place    | Note
-------+----------+-------------------------------------------
     0 | D:1      | Amnesiac the Merfolk Skald began the quest for the Orb.
     0 | D:1      | Reached XP level 1. HP: 16/16 MP: 3/3
   370 | D:2      | Reached XP level 2. HP: 20/22 MP: 5/5
   778 | D:2      | Reached skill level 5 in Polearms
   778 | D:2      | Reached XP level 3. HP: 24/27 MP: 3/6
   855 | D:2      | Learned a level 3 spell: Spectral Weapon
   862 | D:3      | Reached skill level 1 in Hexes
   862 | D:3      | Reached XP level 4. HP: 19/33 MP: 1/7
  1071 | D:4      | Found a staircase to the Ecumenical Temple.
  1081 | Temple   | Entered the Ecumenical Temple
  1086 | Temple   | Became a worshipper of Warmaster Okawaru
  2168 | D:2      | Reached XP level 5. HP: 38/38 MP: 2/8
  2439 | D:2      | Reached skill level 1 in Invocations
  3516 | D:4      | Reached XP level 6. HP: 44/44 MP: 5/9
  3571 | D:4      | Noticed Blork the orc
  3582 | D:4      | Killed Blork the orc
  3590 | D:4      | Reached * piety under Okawaru
  3806 | D:4      | Reached XP level 7. HP: 44/50 MP: 0/10
  4111 | D:4      | Reached skill level 10 in Polearms
  4354 | D:5      | Entered Level 5 of the Dungeon
  4520 | D:5      | Noticed a hippogriff
  4535 | D:5      | Killed a hippogriff
  4535 | D:5      | Reached ** piety under Okawaru
  4535 | D:5      | Reached XP level 8. HP: 30/56 MP: 0/12
  4781 | D:5      | Found a blossoming altar of Fedhas.
  5749 | D:6      | Reached skill level 1 in Stealth
  5780 | D:6      | Reached *** piety under Okawaru
  6127 | D:6      | Reached XP level 9. HP: 60/61 MP: 12/15
  6312 | D:6      | Reached skill level 1 in Evocations
  7561 | D:6      | Reached **** piety under Okawaru
  7801 | D:6      | Received a gift from Okawaru
  8071 | D:7      | Reached skill level 3 in Dodging
  8092 | D:7      | Reached skill level 4 in Dodging
  8092 | D:7      | Reached XP level 10. HP: 29/70 MP: 12/16
  8562 | D:7      | Got a jewelled short sword
  8566 | D:7      | Identified the +8 short sword of Zixerez {drain, +Fly rPois
                  | Str-5 Dex-2} (You found it on level 7 of the Dungeon)
  8740 | D:8      | HP: 2/71 [killer bee (5)]
  8754 | D:8      | Reached skill level 5 in Dodging
  9239 | D:8      | Reached skill level 1 in Shields
  9263 | D:8      | Noticed a gargoyle
  9367 | D:7      | Learned a level 3 spell: Regeneration
  9373 | D:8      | Killed a gargoyle
  9469 | D:8      | Reached ***** piety under Okawaru
  9765 | D:8      | Gained mutation: You possess an exceptional clarity of
                  | mind. [potion of mutation]
  9765 | D:8      | Gained mutation: Your mind is acute. (Int +2) [potion of
                  | mutation]
  9766 | D:8      | Reached skill level 7 in Dodging
  9766 | D:8      | Reached skill level 5 in Stealth
  9766 | D:8      | Reached skill level 5 in Charms
  9766 | D:8      | Reached XP level 11. HP: 12/84 MP: 17/17
 10362 | D:9      | Noticed a death yak
 10365 | D:9      | Noticed a death yak
 10566 | D:8      | Killed a death yak
 10566 | D:8      | Reached skill level 8 in Dodging
 10673 | D:9      | Found a staircase to the Lair.
 10726 | D:9      | Noticed a death yak
 10726 | D:9      | Noticed a death yak
 10899 | D:8      | Killed a death yak
 11021 | D:9      | Found a runed translucent door.
 11022 | D:9      | Found a shimmering altar of Xom.
 11022 | D:9      | Noticed Maiphojizi's ghost (novice SpCK)
 11022 | D:9      | Noticed a +1 trident of chaos
 11267 | D:9      | Found a staircase to the Orcish Mines.
 11642 | D:8      | Killed a death yak
 11898 | D:9      | Reached skill level 9 in Dodging
 11898 | D:9      | Reached XP level 12. HP: 92/94 MP: 14/18
 11994 | D:9      | Killed a death yak
 12458 | Orc:1    | Entered Level 1 of the Orcish Mines
 13227 | Orc:2    | Entered Level 2 of the Orcish Mines
 13261 | Orc:2    | Found a dark tunnel.
 13290 | Volcano  | Entered a volcano
 13348 | Volcano  | Reached skill level 1 in Necromancy
 13380 | Volcano  | Reached skill level 10 in Dodging
 13435 | Volcano  | Noticed a fire dragon
 13477 | Volcano  | Noticed a hell hog
 13481 | Volcano  | Reached ****** piety under Okawaru
 13492 | Volcano  | Killed a hell hog
 13527 | Volcano  | Killed a fire dragon
 13527 | Volcano  | Received a gift from Okawaru
 13652 | Volcano  | Found a burning altar of Makhleb.
 13883 | Orc:2    | Noticed an ogre mage
 13910 | Orc:2    | Reached skill level 10 in Fighting
 13914 | Orc:2    | Reached skill level 11 in Dodging
 13921 | Orc:2    | Killed an ogre mage
 13925 | Orc:2    | Noticed a two-headed ogre
 14617 | Orc:2    | Killed a two-headed ogre
 14617 | Orc:2    | Received a gift from Okawaru
 14862 | Orc:2    | Found Ixugag's Food Boutique.
 14874 | Orc:2    | Found a staircase to the Elven Halls.
 14934 | Orc:2    | Reached skill level 12 in Dodging
 14956 | Orc:2    | Noticed a two-headed ogre
 15146 | Orc:1    | Killed a two-headed ogre
 15146 | Orc:1    | Reached XP level 13. HP: 69/106 MP: 14/19
 15382 | Orc:2    | Noticed an ettin
 15600 | Lair:1   | Entered Level 1 of the Lair of Beasts
 15778 | Lair:1   | Noticed vurker's ghost (journeyman TrFi)
 15786 | Lair:1   | Found a runed translucent gate.
 15786 | Lair:1   | Found a runed translucent gate.
 15787 | Lair:1   | Found a runed translucent gate.
 16478 | Lair:2   | Received a gift from Okawaru
 16678 | Lair:2   | Found a hole to the Spider Nest.
 16764 | Lair:2   | Noticed a dire elephant
 16784 | Lair:2   | Received a gift from Okawaru
 16784 | Lair:2   | Reached skill level 13 in Dodging
 17023 | Lair:1   | Killed a dire elephant
 17439 | Lair:2   | Got a faintly humming hat
 17479 | Lair:2   | Identified the +2 hat "Vial" {+Inv} (You found it on level
                  | 2 of the Lair of Beasts)
 17556 | Lair:2   | Got a polished leather armour
 17614 | Lair:2   | Identified the cursed +1 leather armour of the Grey Skies
                  | {MR+ rCorr Slay+2} (You found it on level 2 of the Lair of
                  | Beasts)
 17696 | Lair:2   | Received a gift from Okawaru
 17696 | Lair:2   | Reached skill level 14 in Dodging
 17697 | Lair:2   | Got a warped demon trident {god gift}
 17698 | Lair:2   | Identified the +1 demon trident of Tomorrow {venom, rElec
                  | rF- rC++} (Okawaru gifted it to you on level 2 of the Lair
                  | of Beasts)
 18484 | Lair:3   | Reached XP level 14. HP: 106/118 MP: 13/20
 18815 | Lair:3   | Found a staircase to the Shoals.
 18906 | Lair:3   | Reached skill level 15 in Dodging
 19475 | Lair:1   | Killed vurker's ghost
 19475 | Lair:1   | Received a gift from Okawaru
 20410 | Lair:4   | Reached skill level 5 in Shields
 21322 | Lair:5   | Reached skill level 16 in Dodging
 21422 | Lair:5   | Received a gift from Okawaru
 21423 | Lair:5   | Got an encrusted longbow {god gift}
 21822 | Lair:6   | Entered Level 6 of the Lair of Beasts
 22334 | Lair:6   | Reached skill level 15 in Fighting
 22343 | Lair:6   | Reached XP level 15. HP: 75/129 MP: 21/21
 22369 | Lair:6   | Received a gift from Okawaru
 22528 | Lair:6   | Learned a level 2 spell: Passwall
 22552 | Lair:6   | Found a staircase to the Slime Pits.
 22552 | Lair:6   | Found a viscous altar of Jiyva.
 22568 | Lair:6   | Learned a level 6 spell: Deflect Missiles
 22635 | Lair:6   | Received a gift from Okawaru
 22859 | Lair:6   | Found a runed translucent door.
 22978 | Lair:6   | Paralysed by a hornet for 1 turns
 23028 | Lair:6   | Received a gift from Okawaru
 23032 | Lair:6   | Reached skill level 17 in Dodging
 23033 | Lair:6   | Got a spiked cloak {god gift}
 23047 | Lair:6   | Identified the +0 cloak of Pandemonium {*Drain +Fly rElec
                  | MR+} (Okawaru gifted it to you on level 6 of the Lair of
                  | Beasts)
 24421 | D:9      | Killed Maiphojizi's ghost
 24596 | Orc:2    | Found Ecuenn's Distillery.
 24612 | Orc:2    | Found Ogrod's Antique Armour Shoppe.
 24613 | Orc:2    | Found Jeafoigh's Magic Scroll Boutique.
 24615 | Orc:2    | Bought a potion of cancellation for 112 gold pieces
 24717 | Orc:2    | Found Bocvaum's General Store.
 24723 | Orc:2    | Bought a scroll of magic mapping for 52 gold pieces
 24728 | Orc:2    | Bought a manual of Fighting for 1876 gold pieces
 24944 | Orc:2    | Bought a glowing ring mail for 231 gold pieces
 25106 | D:9      | Reached skill level 18 in Dodging
 25134 | D:10     | Entered Level 10 of the Dungeon
 25142 | D:10     | Reached skill level 1 in Armour
 25181 | D:10     | Noticed Nergalle
 25188 | D:10     | Killed Nergalle
 25232 | D:10     | Noticed Fannar
 25246 | D:10     | Killed Fannar
 25409 | D:10     | Noticed Erolcha
 25421 | D:10     | Killed Erolcha
 25421 | D:10     | Received a gift from Okawaru
 25685 | D:10     | Reached skill level 10 in Shields
 25825 | D:10     | Found Eraddiuk's Book Shop.
 26801 | D:12     | Noticed Gastronok
 26806 | D:12     | Noticed Psyche
 26813 | D:12     | Killed Gastronok
 26817 | D:12     | Killed Psyche
 26817 | D:12     | Reached XP level 16. HP: 100/136 MP: 19/22
 26850 | D:12     | Found a portal to a secret trove of treasure.
 26893 | D:12     | Identified the cursed +1 ring mail of Least Resistance {rF-
                  | rN+ MR++ SInv} (You found it on level 12 of the Dungeon)
 26975 | D:12     | Noticed Maurice
 26985 | D:12     | Killed Maurice
 27131 | D:12     | Noticed Kirke
 27158 | D:12     | Noticed a sphinx
 27168 | D:12     | Killed Kirke
 27182 | D:12     | You are sucked into a shaft and drop 1 floor!
 27930 | D:13     | Reached skill level 1 in Air Magic
 28684 | D:14     | Found a gate to the Vaults.
 28785 | D:14     | Received a gift from Okawaru
 28785 | D:14     | Reached skill level 5 in Armour
 28817 | D:14     | Got a steaming halberd {god gift}
 29283 | D:15     | Entered Level 15 of the Dungeon
 29348 | D:15     | Found a staircase to the Depths.
 29622 | D:15     | Noticed Jorgrun
 29638 | D:15     | HP: 4/136 [Jorgrun/+0 quarterstaff of crushing (9)]
 29638 | D:15     | Mangled by Jorgrun

Levels and vault maps discovered:
D:1:      lightli_arrival_quake, layout_basic, minmay_ruptured
D:2:      layout_loops_corners, lexackson_kobold_supper
D:3:      layout_loops_ring
D:4:      layout_basic, minmay_temple_entry_drinking_statues, first_ration,
          uniq_blork_the_orc
D:5:      layout_loops_ring, old_standard_altar
D:6:      corexii_shantytown, layout_basic
D:7:      layout_rooms, serial_glass, glass_columns_a, glass_columns_a,
          item_on_display_b
D:8:      layout_rooms, serial_curves, eino_curves_03, eino_curves_01,
          serial_bayou_pond_e
D:9:      layout_gridville, dpeg_lair_monsters, hiddenorc2_lemuel,
          ebering_ghost_xom
D:10:     layout_small_grid, serial_shops, nicolae_shop_behind_doors,
          grunt_ogre_cave, uniq_erolcha, uniq_nergalle, uniq_fannar
D:11:     layout_basic, roderic_batcave, corexii_checkpoint_a
D:12:     layout_rooms, ebering_ghost_inner_flame, enter_trove_2,
          uniq_gastronok, uniq_maurice, uniq_psyche, uniq_kirke
D:13:     layout_gridville
D:14:     layout_long_grid, lightli_vaults_fourway_checkpoint,
          hangedman_decor_growths
D:15:     gammafunk_depths_entry_grave, layout_irregular_city,
          serial_park_square2, corexii_leaking_fountain, uniq_jorgrun,
          uniq_agnes
Temple:   grunt_wide_crystal_templ
Lair:1:   layout_roguey, gammafunk_ghost_split
Lair:2:   mu_elephants_graveyard, layout_small_grid,
          spider_nest_entry_web_field, grunt_megastairs_2
Lair:3:   layout_regular_city, shoals_dummy_entry, serial_bayou_shore_b
Lair:4:   kb_forest_paths, layout_big_grid
Lair:5:   wad_woods_tower, layout_regular_city, infiniplex_staircase_pool_2,
          serial_bayou_shore_a
Lair:6:   wormcave, layout_cave_pods, hangedman_lair_caniforms_friends,
          slime_altar_1, bobbens_ice_dragon_lair
Orc:1:    layout_caves
Orc:2:    st_orc_open, layout_caves, enter_volcano_2, serial_shops, shop

Skill      XL: |  1  2  3  4  5  6  7  8  9 10 11 12 13 14 15 16 |
---------------+-------------------------------------------------+-----
Polearms       | 4 5 6 7 9 11 12 14 | 14.0
Hexes          | 1 2 3 4 |  4.0
Invocations    | 1 2 4 6 8 |  8.0
Charms         | 4 5 6 |  6.0
Spellcasting   | 4 |  4.0
Stealth        | 2 4 5 6 |  6.0
Evocations     | 2 4 |  4.0
Dodging        | 4 7 9 12 14 16 18 | 18.0
Fighting       | 3 7 8 11 13 15 | 15.0
Shields        | 3 4 6 10 11 | 11.7
Necromancy     | 2 3 |  3.0
Armour         | 3 5 |  5.4
Air Magic      | 3 |  3.3

Action                   |  1- 3 |  4- 6 |  7- 9 | 10-12 | 13-15 | 16-18 || total
-------------------------+-------+-------+-------+-------+-------+-------++-------
Melee: Spear             |    34 |   167 |   300 |       |       |       ||   501
       War axe           |    16 |       |       |       |       |       ||    16
       Quarterstaff      |       |    45 |       |       |       |       ||    45
       Trident           |       |       |   182 |   712 |   288 |       ||  1182
       Demon trident     |       |       |       |       |  1311 |   462 ||  1773
       Tailslap          |       |       |       |       |     4 |       ||     4
Throw: Dart              |       |       |     2 |     4 |     4 |       ||    10
 Cast: Infusion          |     4 |    30 |     3 |       |       |       ||    37
       Spectral Weapon   |       |     4 |    40 |    69 |   170 |    44 ||   327
       Regeneration      |       |       |       |     7 |    54 |     6 ||    67
  Use: Scroll            |       |     9 |     2 |    14 |     4 |     3 ||    32
       Potion            |       |       |     1 |    10 |     1 |     2 ||    14
 Stab: Sleeping          |     1 |     1 |    13 |     9 |    20 |     9 ||    53
       Distracted        |       |       |     1 |     9 |    27 |     5 ||    42
       Invisible         |       |       |       |     1 |       |       ||     1
  Eat: Chunk             |       |    10 |    16 |    21 |    63 |    11 ||   121
       Ration            |       |       |     1 |     3 |     1 |     1 ||     6
Armor: Leather armour    |    11 |    52 |    45 |       |    95 |    46 ||   249
       Robe              |       |       |    26 |    65 |     9 |       ||   100
       Ice dragon scales |       |       |       |       |    19 |       ||    19
       Fire dragon scale |       |       |       |       |       |    14 ||    14
Dodge: Dodged            |    26 |    91 |   193 |   338 |   727 |   253 ||  1628
Block: Buckler           |       |       |       |   108 |   219 |       ||   327
       Shield            |       |       |       |       |    98 |   195 ||   293

Table legend:
 A = Non-vault XP
 B = Vault XP
 C = Vault XP percentage of total XP
 D = Non-vault monster count
 E = Vault monster count
 F = Vault count percentage of total count
                 A         B        C        D         E       F
            +---------+---------+-------+---------+---------+-------
      Total |   76086 |   76789 |  50.2 |     559 |     309 |  35.6
            +---------+---------+-------+---------+---------+-------
        D:1 |      35 |       5 |  12.5 |      19 |       2 |   9.5
        D:2 |      52 |      12 |  18.8 |      15 |       8 |  34.8
        D:3 |      83 |       0 |   0.0 |      16 |       0 |   0.0
        D:4 |     816 |     100 |  10.9 |      17 |       1 |   5.6
        D:5 |    1134 |       0 |   0.0 |      22 |       0 |   0.0
        D:6 |    1641 |     109 |   6.2 |      30 |      34 |  53.1
        D:7 |     975 |       0 |   0.0 |      24 |       0 |   0.0
        D:8 |    2590 |    2555 |  49.7 |      29 |       3 |   9.4
        D:9 |    1278 |    2435 |  65.6 |      22 |      35 |  61.4
       D:10 |    2628 |    2947 |  52.9 |      21 |       4 |  16.0
       D:11 |    2244 |      73 |   3.2 |      42 |      10 |  19.2
       D:12 |    5975 |    5952 |  49.9 |      45 |       7 |  13.5
       D:13 |    5810 |       0 |   0.0 |      33 |       0 |   0.0
       D:14 |    9197 |    5141 |  35.9 |      37 |      12 |  24.5
       D:15 |    4012 |     896 |  18.3 |      16 |       2 |  11.1
     Lair:1 |    1029 |    3432 |  76.9 |       6 |       7 |  53.8
     Lair:2 |    6680 |    7845 |  54.0 |      24 |      19 |  44.2
     Lair:3 |    6809 |       0 |   0.0 |      26 |       0 |   0.0
     Lair:4 |    6494 |    5625 |  46.4 |      25 |      23 |  47.9
     Lair:5 |    5663 |    1067 |  15.9 |      24 |       7 |  22.6
     Lair:6 |    7107 |   17777 |  71.4 |      24 |      76 |  76.0
      Orc:1 |    2768 |    1004 |  26.6 |      30 |       2 |   6.2
      Orc:2 |    1066 |   14568 |  93.2 |      12 |      35 |  74.5
    Volcano |       0 |    5246 | 100.0 |       0 |      22 | 100.0
            +---------+---------+-------+---------+---------+-------
